Map: Blackpink LE

Players

SamuraiFunn

  • Race: Protoss Protoss
  • League: Platinum
  • Spawn Location: 1:00

A.I. 1 (Very Hard) - Winner!

  • Race: Protoss Protoss
  • Spawn Location: 7:00

VOD

Have the link to the VOD?

Description

Time

  • Played on: Nov. 30, 2017, 8:49 p.m.
  • Length: 13:47
Show
View Real Time Build Order
Export as new Build Order

SamuraiFunn Protoss 

Build Orders:  

Get SALT Encoding   

  12  0:01  Probe  
  13  0:13  Probe  
  14  0:21  Pylon  
  14  0:25  Probe  
  15  0:39  Probe  
  16  0:47  Gateway  
  16  0:51  Probe (Chrono Boost)  
  17  1:01  Probe (Chrono Boost)  
  18  1:05  Probe, Pylon  
  19  1:12  Assimilator  
  19  1:17  Probe  
  20  1:29  Probe  
  21  1:41  Probe  
  21  1:45  Assimilator  
  22  1:51  Zealot (Chrono Boost)  
  22  1:53  Probe  
  25  1:57  Cybernetics Core  
  25  2:08  Probe  
  26  2:18  Nexus  
  26  2:20  Probe  
  27  2:25  Gateway  
  27  2:33  Probe  
  28  2:45  Probe, Pylon  
  28  2:48  Warp Gate (Chrono Boost)  
  29  3:00  Robotics Facility, Stalker  
  29  3:05  Probe  
  32  3:12  Pylon  
  32  3:17  Probe  
  32  3:19  Stalker  
  35  3:29  Probe  
  35  3:32  Probe  
  37  3:34  Gateway  
  37  3:40  Stalker  
  39  3:44  Probe  
  40  3:52  Observer  
  40  3:54  Probe  
  42  4:04  Probe  
  42  4:07  Probe  
  42  4:08  Stalker  
  46  4:13  Observer  
  46  4:16  Probe, Twilight Council  
  48  4:33  Probe x2  
  48  4:35  Pylon  
  50  5:00  Stalker x3  
  50  5:03  Probe x2  
  50  5:05  Nexus  
  50  5:06  Pylon  
  58  5:09  Pylon  
  58  5:15  Probe x2  
  58  5:19  Observer  
  58  5:20  Assimilator  
  61  5:23  Assimilator  
  61  5:27  Probe x2  
  63  5:32  Stalker x2  
  63  5:33  Stalker  
  69  5:39  Probe  
  69  5:40  Probe  
  71  5:52  Probe x2  
  73  6:04  Probe  
  73  6:07  Probe  
  73  6:10  Stalker x3  
  81  6:21  Probe x3  
  84  6:37  Probe  
  84  6:38  Probe x2  
  87  6:46  Pylon  
  87  6:49  Warp Prism  
  87  6:50  Probe x3  
  87  6:51  Pylon  
  92  6:58  Pylon  
  92  7:02  Robotics Facility, Robotics Bay  
  92  7:09  Probe x2  
  92  7:10  Probe  
  95  7:17  Blink (Chrono Boost)  
  95  7:21  Stalker  
  95  7:22  Stalker x2  
  101  7:25  Immortal  
  105  7:30  Probe  
  105  7:31  Probe  
  105  7:32  Probe  
  105  7:35  Pylon  
  108  7:51  Assimilator  
  108  7:53  Probe x2, Assimilator  
  108  7:54  Probe  
  111  8:05  Probe  
  111  8:06  Probe x2  
  114  8:16  Stalker  
  114  8:17  Stalker x2  
  119  8:37  Gateway  
  119  8:38  Gateway  
  119  8:39  Gateway  
  119  8:41  Gateway  
  119  8:52  Gateway  
  119  8:53  Gateway  
  119  9:05  Nexus  
  119  9:06  Colossus x2  
  119  9:07  Assimilator  
  119  9:08  Charge  
  131  9:12  Assimilator  
  131  9:15  Pylon  
  131  9:17  Pylon  
  131  9:20  Pylon  
  131  9:32  Pylon  
  131  9:34  Pylon  
  131  9:36  Pylon, Stalker x2  
  131  9:37  Stalker  
  137  9:40  Extended Thermal Lance  
  136  9:59  Colossus x2  
  136  10:02  Forge x2  
  136  10:05  Forge  
  148  10:09  Stalker  
  148  10:11  Stalker  
  148  10:12  Stalker  
  154  10:29  Stalker  
  154  10:30  Stalker x2  
  154  10:31  Stalker x2  
  164  10:42  Stalker x3  
  170  11:03  Probe  
  171  11:08  Pylon  
  171  11:13  Pylon, Stalker x4  
  171  11:14  Stalker x4  
  187  11:21  Colossus  
  193  11:26  Colossus  
  193  11:29  Protoss Ground Armor Level 1 (Chrono Boost), Protoss Ground Weapons Level 1 (Chrono Boost)  
  193  11:30  Protoss Shields Level 1 (Chrono Boost)  
  147  12:21  Stalker x5  
  147  12:22  Stalker x3  
  102  12:33  Colossus x2  
  111  12:46  Stalker x3  
  111  12:47  Stalker x3  
  98  13:06  Stalker x2  
  89  13:14  Stalker  
  89  13:15  Stalker x2  
  89  13:16  Stalker x3  
Show
View Real Time Build Order
Export as new Build Order

A.I. 1 (Very Hard) Protoss - Winner!

Build Orders:  

Get SALT Encoding   

  12  0:00  Probe  
  13  0:13  Probe  
  14  0:20  Pylon  
  14  0:25  Probe  
  15  0:38  Probe  
  16  0:48  Assimilator  
  16  0:50  Probe  
  16  0:51  Gateway  
  17  1:00  Pylon  
  17  1:02  Probe  
  18  1:14  Probe  
  19  1:27  Probe  
  20  1:39  Probe  
  21  1:40  Zealot  
  21  1:41  Cybernetics Core  
  23  1:51  Probe  
  24  2:03  Probe, Nexus  
  25  2:17  Gateway  
  25  2:25  Pylon  
  25  2:28  Zealot  
  27  2:31  Probe  
  27  2:35  Warp Gate  
  28  2:43  Probe  
  28  2:44  Assimilator  
  29  2:56  Probe, Adept  
  32  3:03  Adept  
  34  3:08  Probe, Pylon  
  35  3:14  Probe  
  36  3:22  Probe, Stalker  
  36  3:27  Probe  
  40  3:34  Probe  
  41  3:39  Probe  
  42  3:42  Robotics Facility  
  42  3:45  Adept  
  44  3:49  Probe  
  44  3:51  Probe  
  46  3:55  Adept  
  46  4:01  Probe  
  49  4:03  Probe  
  50  4:12  Adept  
  50  4:13  Probe  
  50  4:15  Probe, Pylon  
  54  4:25  Probe  
  54  4:27  Probe  
  54  4:29  Immortal  
  60  4:36  Pylon, Stalker  
  60  4:37  Probe  
  63  4:39  Probe  
  64  4:47  Stalker  
  64  4:49  Probe  
  64  4:51  Probe  
  68  4:54  Robotics Facility  
  68  5:00  Stalker  
  68  5:06  Probe  
  71  5:08  Probe, Immortal  
  71  5:13  Pylon  
  76  5:16  Pylon  
  76  5:22  Stalker  
  78  5:31  Sentry, Probe, Assimilator  
  78  5:32  Probe  
  78  5:35  Gateway  
  82  5:44  Pylon  
  82  5:45  Sentry, Assimilator  
  84  5:54  Probe, Zealot  
  87  6:05  Pylon  
  87  6:08  Zealot  
  87  6:09  Robotics Bay  
  89  6:11  Probe  
  89  6:13  Probe  
  89  6:14  Stalker  
  93  6:24  Probe  
  94  6:25  Pylon  
  94  6:31  Stalker  
  96  6:35  Stalker  
  98  6:41  Forge  
  98  6:44  Pylon  
  98  6:45  Sentry  
  100  6:50  Forge  
  100  6:54  Gateway  
  100  6:56  Colossus  
  106  7:10  Observer  
  107  7:16  Photon Cannon, Protoss Ground Weapons Level 1  
  107  7:20  Zealot  
  109  7:25  Pylon  
  109  7:30  Protoss Ground Armor Level 1, Colossus  
  115  7:49  Warp Prism  
  117  7:53  Photon Cannon  
  117  7:55  Photon Cannon  
  117  8:00  Pylon  
  117  8:02  Gateway  
  117  8:04  Nexus  
  117  8:07  Stalker  
  117  8:11  Stalker  
  121  8:22  Pylon  
  121  8:24  Disruptor, Extended Thermal Lance  
  121  8:25  Warp Prism  
  126  8:38  Photon Cannon  
  126  8:42  Pylon  
  126  8:53  Photon Cannon  
  126  8:59  Pylon, Colossus  
  126  9:01  Disruptor  
  135  9:03  Pylon  
  135  9:05  Pylon  
  135  9:08  Pylon  
  135  9:17  Probe x3  
  135  9:19  Photon Cannon  
  138  9:28  Pylon  
  138  9:29  Probe  
  139  9:31  Probe, Assimilator  
  139  9:32  Probe  
  139  9:35  Protoss Shields Level 1  
  139  9:37  Observer, Pylon  
  142  9:41  Probe  
  142  9:43  Probe  
  142  9:45  Probe  
  145  9:51  Photon Cannon  
  145  9:53  Probe  
  145  9:55  Observer  
  145  9:56  Probe  
  145  9:57  Probe  
  149  10:02  Gateway, Nexus  
  149  10:04  Twilight Council  
  149  10:05  Probe  
  149  10:06  Robotics Facility  
  150  10:24  Photon Cannon  
  150  10:32  Colossus  
  150  10:34  Immortal  
  160  10:40  Stargate  
  160  10:43  Blink  
  160  10:47  Protoss Ground Weapons Level 2  
  160  10:48  Assimilator  
  160  10:53  Immortal, Observer Gravitic Boosters  
  164  10:57  Photon Cannon  
  164  10:59  Zealot  
  164  11:01  Zealot  
  164  11:03  Zealot  
  170  11:04  Colossus  
  170  11:06  Stalker  
  172  11:13  Disruptor  
  172  11:15  Probe x3  
  172  11:16  Probe  
  179  11:23  Assimilator  
  179  11:25  Pylon  
  179  11:27  Probe, Disruptor  
  179  11:28  Adept, Stalker  
  179  11:31  Stalker  
  189  11:34  Stalker  
  189  11:39  Nexus  
  191  11:49  Photon Cannon  
  191  11:50  Gravitic Drive  
  191  11:53  Pylon  
  191  11:55  Stalker  
  197  12:01  Immortal  
  197  12:04  Stalker  
  197  12:06  Stalker  
  189  12:09  Zealot  
  189  12:11  Zealot  
  183  12:17  Immortal  
  183  12:19  Zealot  
  183  12:21  Adept  
  177  12:27  Zealot  
  177  12:29  Sentry, Adept  
  177  12:32  Adept  
  177  12:35  Photon Cannon  
  179  12:38  Photon Cannon  
  179  12:39  Adept  
  179  12:42  Zealot  
  183  12:47  Adept  
  183  12:49  Immortal  
  179  12:59  Sentry, Pylon, Immortal, Stalker  
  179  13:01  Sentry  
  177  13:08  Stalker  
  177  13:11  Stalker  
  173  13:19  Nexus  
  171  13:22  Stalker  
  169  13:27  Zealot  
  169  13:29  Photon Cannon  
  169  13:33  Pylon, Stalker  
  173  13:36  Stalker  
  173  13:38  Adept  
  173  13:41  Zealot  
  169  13:45  Zealot  
Tags
 
League
Platinum
Matchup
PvP
Replay Pack
First 100 games
Spawn Locations
Cross Positions
Add a new tag
Caveats
  • Supply blocks, unpowered buildings, or Contaminate may cause inaccurate times.
  • Supply counts are checked every 10 seconds.